 Dungeon Sprint DCSS version 0.31-a0-806-g0bc164a743 (webtiles) character file.

Game seed: 7755386254350169221

1140 sircluck the Grappler (level 8, -9/92 HPs)
             Began as a Troll Berserker on Sept 21, 2023.
             Was a High Priest of Trog.
             Mangled by a spatial vortex (16 damage)
             ... in the Dungeon (Sprint III: "The Ten Rune Challenge").
             The game lasted 00:01:42 (290 turns).

sircluck the Grappler (Troll Berserker)              Turns: 290, Time: 00:01:42

Health: -9/92      AC:  5    Str: 32    XL:     8   Next: 14%
Magic:  7/7        EV: 12    Int:  2    God:    Trog [*****.]
Gold:   32         SH:  0    Dex:  8    Spells: 7/7 levels left

rFire   . .          .
                       - Unarmed
rCold   . . .        (no shield)
rNeg    . . .        a - +0 animal skin
rPois   .            (helmet restricted)
rElec   .            h - +0 cloak
rCorr   .            (gloves unavailable)
SInv    .            (boots unavailable)
Will    .....        (no amulet)
Stlth   +            (no ring)
HPRegen 1.15/turn    (no ring)
MPRegen 0.10/turn

%: no teleportation
@: studying Shields
A: large, unfitting armour, claws 3, regeneration 1, shaggy fur 1, tough skin 1,
talons 1, strong 1
a: Renounce Religion, Berserk, Trog's Hand, Brothers in Arms


You were in the Dungeon.
You worshipped Trog.
Trog was extremely pleased with you.
You visited 1 branch You collected 32 gold pieces.

Inventory:

Armour
 a - a +0 animal skin (worn)
 h - a +0 cloak (worn)
Scrolls
 g - a scroll of blinking
 j - a scroll of immolation {unknown}
 k - 3 scrolls of identify
 l - a scroll of torment {unknown}
Potions
 b - 3 potions of curing
 c - a potion of heal wounds
 d - a potion of haste
 e - 2 potions of magic
 f - a potion of berserk rage
 m - a potion of enlightenment {unknown}


   Skills:
 + Level 9.2 Fighting
 + Level 9.1 Dodging
 + Level 10.8 Unarmed Combat


You had 7 spell levels left.
You didn't know any spells.
Your spell library was empty.

Dungeon Overview and Level Annotations

Branches:
Dungeon (1/1)

Altars:
Cheibriados
Dithmenos
Elyvilon
Fedhas
Gozag
Hepliaklqana
Kikubaaqudgha
Makhleb
Nemelex Xobeh
Okawaru
Qazlal
Ru
Sif Muna
Trog
Uskayaw
Vehumet
Wu Jian
Xom
Yredelemnul
Zin
The Shining One
Jiyva
Lugonu


Innate Abilities, Weirdness & Mutations

You are too large for most types of armour.
You have claws for hands.
Your natural rate of healing is unusually fast.
You are covered in fur. (AC +1)
You have tough skin. (AC +1)
You have sharp toenails.
Your muscles are strong. (Str +4, Int/Dex -1)


Message History

You barely miss the shadow. Your kick misses the shadow.
The shadow is severely damaged.
The shadow hits you!
You mangle the shadow!!
You destroy the shadow!
Trog accepts your kill.
Your Dodging skill increases to level 9!
You have reached level 8!
Unknown command.
You open the door.
A spatial vortex comes into view.
Found five altars.
Found a box of beasts.
Found five altars.
The spatial vortex barely misses you.
There is an open door here.
You barely miss the spatial vortex. You claw the spatial vortex.
The spatial vortex is lightly damaged.
The spatial vortex hits you!! Space warps around you.
* * * LOW HITPOINT WARNING * * *
You are too injured to fight recklessly!
You are too injured to fight recklessly!
You are too injured to fight recklessly!
You are too injured to fight recklessly!
You are too injured to fight recklessly!
You are too injured to fight recklessly!
You are too injured to fight recklessly!
You are too injured to fight recklessly!
You are too injured to fight recklessly!
You are too injured to fight recklessly!
You are too injured to fight recklessly!
You are too injured to fight recklessly!
You are too injured to fight recklessly!
You are too injured to fight recklessly!
You claw the spatial vortex! x2
The spatial vortex is heavily damaged.
You mangle the spatial vortex!! You claw the spatial vortex.
The spatial vortex is almost destroyed.
The spatial vortex hits you!!
* * * LOW HITPOINT WARNING * * *
Space warps horribly around you!
You die...

#...#..#..###'#†###'##
##..##'#..#..........#
##..###...'.⌠........#
#..####...#...######'#
#..###....#.⌠.#__#...#
...##.....#...#__#...#
...#..)...#'###__#...#
.##.#.....#.).#__#...+
. ####....#___#v@'...#
▓ ▓▓▓▓▓▓▓▓▓▓▓▓▓▓▓▓▓


You could see a spatial vortex.

Vanquished Creatures
  A deep elf pyromancer (D)
  A shadow (D)
  A necrophage (D)
  A water elemental (D)
  A jelly (D)
  Crazy Yiuf (D)
  A wizard (D)
  A necromancer (D)
  3 humans (D)
  A kobold demonologist (D)
  4 rats (D)
16 creatures vanquished.

Notes
Turn   | Place    | Note
-------+----------+-------------------------------------------
     0 | D        | sircluck the Troll Berserker began the quest for the Orb.
     0 | D        | Reached XP level 1. HP: 22/22 MP: 0/0
    29 | D        | Reached ** piety under Trog
    43 | D        | Noticed Crazy Yiuf
    47 | D        | Killed Crazy Yiuf
    48 | D        | Reached skill level 4 in Unarmed Combat
    48 | D        | Reached XP level 2. HP: 24/32 MP: 1/1
    48 | D        | Reached XP level 3. HP: 29/39 MP: 2/2
    52 | D        | Reached skill level 5 in Unarmed Combat
    77 | D        | Gained mutation: Your body sometimes deteriorates upon
                  | taking damage. [potion of mutation]
    77 | D        | Gained mutation: Your flesh is cold resistant. (rC+)
                  | [potion of mutation]
    78 | D        | Lost mutation: Your body sometimes deteriorates upon taking
                  | damage. [potion of mutation]
    78 | D        | Lost mutation: Your flesh is cold resistant. (rC+) [potion
                  | of mutation]
    78 | D        | Gained mutation: You have large cloven feet. [potion of
                  | mutation]
    78 | D        | Gained mutation: You are partially covered in iridescent
                  | scales. (AC +2) [potion of mutation]
    79 | D        | Lost mutation: You are partially covered in iridescent
                  | scales. (AC +2) [potion of mutation]
    79 | D        | Lost mutation: You have large cloven feet. [potion of
                  | mutation]
    79 | D        | Gained mutation: Your mind is acute. (Int +4, Str/Dex -1)
                  | [potion of mutation]
    79 | D        | Gained mutation: You are vulnerable to heat. (rF-) [potion
                  | of mutation]
    80 | D        | Lost mutation: You are vulnerable to heat. (rF-) [potion of
                  | mutation]
    80 | D        | Lost mutation: Your mind is acute. (Int +4, Str/Dex -1)
                  | [potion of mutation]
    80 | D        | Gained mutation: You passively dampen the noise of your
                  | surroundings. [potion of mutation]
    80 | D        | Gained mutation: You have a pair of small antennae on your
                  | head. [potion of mutation]
    81 | D        | Lost mutation: You passively dampen the noise of your
                  | surroundings. [potion of mutation]
    81 | D        | Lost mutation: You have a pair of small antennae on your
                  | head. [potion of mutation]
    81 | D        | Gained mutation: You have sharp toenails. [potion of
                  | mutation]
    81 | D        | Gained mutation: You sometimes lose your temper in combat.
                  | [potion of mutation]
    81 | D        | Gained mutation: You are partially covered in large bone
                  | plates. (SH +4) [potion of mutation]
    82 | D        | Lost mutation: You sometimes lose your temper in combat.
                  | [potion of mutation]
    82 | D        | Lost mutation: You are partially covered in large bone
                  | plates. (SH +4) [potion of mutation]
    82 | D        | Gained mutation: Your muscles are strong. (Str +4, Int/Dex
                  | -1) [potion of mutation]
    87 | D        | Noticed a water elemental
    90 | D        | Killed a water elemental
    90 | D        | Reached *** piety under Trog
    91 | D        | Reached skill level 5 in Fighting
    91 | D        | Reached skill level 5 in Dodging
    91 | D        | Reached skill level 6 in Unarmed Combat
    91 | D        | Reached XP level 4. HP: 50/50 MP: 3/3
    94 | D        | Found a glowing silver altar of Zin.
    94 | D        | Found a glowing golden altar of the Shining One.
    94 | D        | Found a white marble altar of Elyvilon.
    95 | D        | Noticed a deep elf pyromancer
    98 | D        | Noticed a fire elemental
    99 | D        | Noticed a fire elemental
    99 | D        | Noticed a fire elemental
   100 | D        | Killed a deep elf pyromancer
   101 | D        | Reached skill level 9 in Unarmed Combat
   101 | D        | Reached XP level 5. HP: 21/63 MP: 4/4
   101 | D        | Reached XP level 6. HP: 24/72 MP: 5/5
   101 | D        | Reached XP level 7. HP: 26/79 MP: 6/6
   154 | D        | Found a hide-covered altar of Uskayaw.
   154 | D        | Found an iron altar of Okawaru.
   154 | D        | Found a bloodstained altar of Trog.
   154 | D        | Found an ornate altar of the Wu Jian Council.
   154 | D        | Noticed a human
   154 | D        | Noticed a human
   160 | D        | Killed a human
   163 | D        | Killed a human
   163 | D        | Reached **** piety under Trog
   164 | D        | Reached skill level 10 in Unarmed Combat
   184 | D        | Found a basalt altar of Yredelemnul.
   184 | D        | Found a shadowy altar of Dithmenos.
   184 | D        | Found a sacrificial altar of Ru.
   236 | D        | Found a radiant altar of Vehumet.
   236 | D        | Found a shimmering blue altar of Sif Muna.
   236 | D        | Found an ancient bone altar of Kikubaaqudgha.
   238 | D        | Reached ***** piety under Trog
   267 | D        | Noticed a shadow
   278 | D        | Killed a shadow
   279 | D        | Reached XP level 8. HP: 42/92 MP: 7/7
   285 | D        | Found a blossoming altar of Fedhas.
   285 | D        | Found a stormy altar of Qazlal.
   285 | D        | Found a snail-covered altar of Cheibriados.
   285 | D        | Found a burning altar of Makhleb.
   285 | D        | Found a shimmering altar of Xom.
   286 | D        | Found a hazy altar of Hepliaklqana.
   286 | D        | Found an opulent altar of Gozag.
   286 | D        | Found a sparkling altar of Nemelex Xobeh.
   286 | D        | Found a corrupted altar of Lugonu.
   286 | D        | Found a viscous altar of Jiyva.
   290 | D        | Mangled by a spatial vortex

Illustrated notes

Levels and vault maps discovered:
D:        dungeon_sprint_mu [sprint_mu_entry_cave, sprint_mu_temple_rooms,
          sprint_mu_d1_spiders, sprint_mu_d2_genie, sprint_mu_d3_branching,
          sprint_mu_orc_legion, sprint_mu_elf_gauntlet, sprint_mu_hive_nellie,
          sprint_mu_lair_fedhas, sprint_mu_vaults_butterflies,
          sprint_mu_slime_circle, sprint_mu_swamp_cave, sprint_mu_shoals_archi,
          sprint_mu_blade_basic, sprint_mu_crypt_lich, sprint_mu_tomb_spiral,
          sprint_mu_vestibule_basic, sprint_mu_gehenna_hellfire,
          sprint_mu_dis_giant, sprint_mu_tartarus_statrot,
          sprint_mu_cocytus_islands, sprint_mu_zot1]

Skill      XL: |  1  2  3  4  5  6  7 |
---------------+----------------------+-----
Fighting       | 3 5 7 9 |  9.2
Dodging        | 3 5 7 9 |  9.1
Unarmed Combat | 4 6 9 10 | 10.8

Action                     |  1- 3 |  4- 6 |  7- 9 || total
---------------------------+-------+-------+-------++-------
  Melee: Unarmed           |    17 |     5 |    30 ||    52
         Punch             |     1 |     1 |     1 ||     3
         Kick              |       |       |     9 ||     9
    Use: Potion            |     6 |       |       ||     6
 Armour: Animal skin       |     9 |     6 |    18 ||    33
  Dodge: Dodged            |     6 |       |     8 ||    14

Table legend: (Time is in decaauts)
 A = Elapsed time spent in this place.
 B = Non-inter-level travel time spent in this place.
 C = Inter-level travel time spent in this place.
 D = Time resting spent in this place.
 E = Time spent auto-exploring this place.
 F = Levels seen in this place.
 G = Mean time per level.
                   A        B        C        D        E       F      G
               +--------+--------+--------+--------+--------+-----+--------+
         Total |    282 |    282 |      0 |      0 |    160 |   1 |  282.0 |
       Dungeon |    282 |    282 |      0 |      0 |    160 |   1 |  282.0 |
               +--------+--------+--------+--------+--------+-----+--------+

Top non-repeatable levels by time:
       D: 282 daAuts
